AoeStats
← Jazzmushroom

MegaRandom

510332538Analyzed
4v4 RM · 1d ago on Sep 30, 2026· 34m 39s· 8 players
Game mode
Random Map
Map size
Large (8 player)
Population
200
Speed
Normal
Resources
Standard
Victory
Conquest
Starting age
Dark Age
Ending age
Imperial Age
RankedLock teamsTeams togetherTeam positionsShared explorationLock speedFull tech treeHidden civsTurbo modeCheats
Victory
Defeat
🇪🇸 Berbers · Spain
1510
+14
🇨🇭 Vietnamese · Switzerland
1477
+15
🇩🇪 Mongols · Germany
1414
+18
🇺🇸 Varangians · United States
1374
+18
🇨🇿 Franks · Czechia
1477
-17
🇨🇳 Burgundians · China
1453
-16
🇨🇦 Spanish · Canada
1446
-16
🇨🇦 Jurchens · Canada
1438
-16
GOAT Gobz
0:33 Loom
8:58 Feudal Age
10:19 Double-Bit Axe
AlzzStriker
0:35 Loom
9:24 Feudal Age
13:40 Castle Age
12:59 Double-Bit Axe
13:46 Horse Collar
15:18 Heavy Plow
15:11 Gold Mining
28:40 Medium Warships
30:50 Demolition Ship
Rakosnik
0:33 Loom
11:17 Feudal Age
15:09 Castle Age
15:17 Double-Bit Axe
17:07 Husbandry
18:58 Scale Barding Armor
21:40 Bow Saw
22:43 Gold Mining
23:03 Fishing Lines
25:05 Forging
27:13 Chain Barding Armor
26:57 Gillnets
29:01 Iron Casting
29:45 Fletching
30:04 Light Cavalry
972770991
0:29 Loom
5:16 Double-Bit Axe
10:10 Feudal Age
15:36 Horse Collar
21:16 Castle Age
20:45 Bow Saw
20:36 Gold Mining
21:41 Scale Barding Armor
26:10 Wheelbarrow
25:35 Town Watch
25:28 Cavalier
26:31 Forging
28:09 Husbandry
32:17 Chain Barding Armor
32:32 Iron Casting
32:18 Heavy Plow
33:23 Hand Cart
33:48 Iron Casting
Jazzmushroom
0:31 Loom
10:45 Feudal Age
11:16 Double-Bit Axe
15:48 Castle Age
13:37 Horse Collar
14:12 Fishing Lines
16:27 Scale Barding Armor
17:03 Wheelbarrow
17:52 Bloodlines
20:34 Chain Barding Armor
20:33 Forging
20:35 Gillnets
23:45 Husbandry
27:16 Iron Casting
26:44 Fletching
27:33 Hand Cart
27:36 Town Watch
27:47 Gambesons
28:04 Squires
31:06 Scale Mail Armor
36:29 Imperial Age
34:27 Arson
35:17 Chain Mail Armor
34:50 Arson
flowaway4
0:30 Loom
7:57 Feudal Age
8:37 Double-Bit Axe
10:57 Fletching
14:00 Horse Collar
16:45 Padded Archer Armor
18:36 Wheelbarrow
24:23 Castle Age
23:59 Gold Mining
24:27 Crossbowman
25:07 Bodkin Arrow
26:23 Leather Archer Armor
26:47 Ballistics
26:47 Bow Saw
30:05 Thumb Ring
37:22 Imperial Age
Pelopincho
0:28 Loom
7:59 Feudal Age
9:13 Horse Collar
16:22 Scale Barding Armor
17:05 Forging
19:26 Wheelbarrow
19:14 Town Watch
22:36 Castle Age
20:56 Bloodlines
20:39 Gold Mining
21:48 Stone Mining
23:09 Double-Bit Axe
23:34 Heavy Plow
24:11 Gold Shaft Mining
24:11 Stone Shaft Mining
23:49 Husbandry
23:10 Light Cavalry
24:25 Bow Saw
24:38 Chain Barding Armor
24:25 Padded Archer Armor
26:00 Fletching
26:28 Leather Archer Armor
27:36 Bodkin Arrow
28:21 Hand Cart
31:41 Ballistics
37:17 Imperial Age
Skipper
0:31 Loom
8:32 Feudal Age
9:24 Double-Bit Axe
12:22 Fletching
14:31 Horse Collar
17:42 Gold Mining
18:06 Padded Archer Armor
23:12 Castle Age
23:17 Crossbowman
24:06 Thumb Ring
24:03 Bodkin Arrow
26:13 Elite Skirmisher
27:13 Bow Saw
27:07 Heavy Plow
28:05 Ballistics
29:18 Leather Archer Armor
31:33 Wheelbarrow
31:36 Elite Skirmisher
35:03 Hand Cart
Connection lost

Rejoining the realm…

Still unreachable

The connection could not be restored.

Session expired

The server has moved on; the page needs a fresh start.